Map: 엔디온 잔해

Players

IIIIIIIIIIll

  • Race: Zerg Zerg
  • League: Grandmaster

llllllllllll (Scarlett) - Winner!

  • Race: Zerg Zerg
  • League: Grandmaster

VOD

Have the link to the VOD?

Description

Time

  • Played on: April 13, 2016, 1:33 a.m.
  • Length: 4:47
Show
View Real Time Build Order
Export as new Build Order

IIIIIIIIIIll Zerg 

Build Orders: Hatch First 

Get SALT Encoding   

  12  0:01  Drone  
  13  0:09  Drone  
  14  0:18  Overlord  
  14  0:36  Drone  
  14  0:37  Drone x2  
  17  0:54  Hatchery  
  16  1:02  Drone  
  17  1:09  Drone  
  18  1:18  Spawning Pool, Drone  
  18  1:23  Drone  
  19  1:35  Drone  
  20  1:45  Drone  
  21  1:53  Overlord, Hatchery  
  20  2:05  Queen  
  22  2:11  Queen  
  22  2:14  Zergling x2  
  25  2:17  Zergling x2  
  25  2:20  Zergling x2  
  27  2:23  Drone  
  27  2:33  Zergling x2  
  27  2:35  Zergling x4  
  30  2:44  Drone  
  31  2:46  Drone  
  31  2:47  Queen  
  34  2:56  Queen  
  35  3:01  Zergling x2  
  36  3:10  Drone x2  
  36  3:11  Zergling x4  
  39  3:22  Queen  
  40  3:27  Queen  
  40  3:33  Overlord  
  40  3:34  Overlord  
  42  3:51  Queen  
  42  3:53  Drone x5  
  42  3:54  Zergling x2  
  42  3:55  Zergling x2  
  51  4:05  Queen  
  53  4:11  Queen  
  53  4:16  Extractor, Drone x2  
  57  4:17  Extractor, Drone  
  57  4:18  Drone  
  57  4:22  Overlord  
  57  4:28  Overlord, Drone  
Show
View Real Time Build Order
Export as new Build Order

llllllllllll Zerg - Winner!

Build Orders: Pool First 

Get SALT Encoding   

  12  0:00  Drone  
  13  0:08  Drone  
  14  0:17  Overlord  
  14  0:22  Extractor  
  14  0:23  Drone  
  15  0:35  Drone x2  
  17  0:44  Spawning Pool  
  17  0:47  Drone  
  17  0:50  Extractor  
  17  0:54  Drone  
  17  1:07  Drone  
  18  1:21  Hatchery  
  17  1:31  Queen  
  17  1:32  Zergling x2  
  20  1:34  Zergling x2  
  20  1:39  Zergling x2  
  22  1:50  Overlord  
  22  1:52  Metabolic Boost  
  22  2:04  Evolution Chamber  
  22  2:08  Queen  
  23  2:12  Drone  
  24  2:16  Drone  
  24  2:21  Drone  
  26  2:34  Zerg Melee Weapons Level 1  
  26  2:39  Overlord  
  26  2:40  Zergling x2  
  26  2:43  Zergling x2  
  28  2:46  Zergling x2  
  28  2:48  Zergling x2  
  30  2:52  Zergling x2  
  30  2:59  Zergling x2  
  30  3:00  Zergling x4  
  30  3:05  Zergling x2  
  33  3:11  Zergling x2  
  34  3:15  Overlord  
  34  3:26  Zergling x2  
  34  3:27  Overlord, Zergling x4  
  35  3:35  Zergling x2  
  35  3:36  Zergling x4  
  39  3:41  Zergling x2  
  39  3:45  Zergling x2  
  40  3:53  Zergling x2  
  40  3:54  Zergling x2  
  42  4:01  Zergling x2  
  42  4:08  Zergling x12  
  48  4:13  Zergling x2  
  49  4:23  Zergling x4  
  51  4:28  Zergling x2  
Tags
 
Add a new tag
Caveats
  • Supply blocks, unpowered buildings, or Contaminate may cause inaccurate times.
  • Supply counts are checked every 10 seconds.